 Dungeon Crawl Stone Soup version 0.24.0-13-gcf9b3192b9 (webtiles) character file.

Game seed: 7847419639078194462, levelgen mode: classic

368 EnegeticOcto the Sneak (level 6, -9/45 HPs)
             Began as an Octopode Hunter on Nov 5, 2019.
             Killed by nerve-wracking pain
             ... invoked by an orc priest
              (12 damage)
             ... on level 4 of the Dungeon.
             The game lasted 00:03:30 (3956 turns).

EnegeticOcto the Sneak (Octopode Hunter)            Turns: 3956, Time: 00:03:31

Health: -9/45      AC:  8    Str: 17    XL:     6   Next: 69%
Magic:  6/6        EV: 10    Int: 15    God:
Gold:   86         SH: 11    Dex: 12    Spells: 5/5 levels left

rFire    . . .     SeeInvis .   f - +4 mace (protect)
rCold    . . .     Gourm    .   i - +0 shield
rNeg     . . .     Faith    .   (helmet restricted)
rPois    .         Spirit   .   g - +3 amulet of reflection
rElec    .         Reflect  +   (no ring)
rCorr    .         Harm     .   (no ring)
MR       .....                  (no ring)
Stlth    ++++......             (no ring)
HPRegen  0.15/turn              (no ring)
MPRegen  0.10/turn              (no ring)
                                (no ring)
                                (no ring)

@: mighty, protection aura
A: almost no armour, stealthy swim, amphibious, 8 rings, constrict 8, camouflage
1, gelatinous body 1
a: no special abilities


You were on level 4 of the Dungeon.
You were hungry.

You visited 1 branch of the dungeon, and saw 4 of its levels.

You collected 86 gold pieces.

Inventory:

Hand Weapons
 a - a +1 short sword
 f - a +4 mace of protection (weapon)
Missiles
 c - 2 throwing nets (quivered) {!f}
 d - 3 boomerangs
 m - 5 javelins
Armour
 i - a +0 shield (worn)
Jewellery
 g - a +3 amulet of reflection (around mantle)
Scrolls
 k - 3 scrolls of remove curse {@r2}
 n - a scroll of teleportation {@r3 !r}
Potions
 h - 2 potions of flight
 j - 2 potions of magic
 p - a potion of cancellation
 q - a potion of mutation
Comestibles
 b - 10 chunks of flesh
 e - 6 rations


   Skills:
 + Level 5.0 Fighting
 - Level 4.0 Throwing
 - Level 2.0 Dodging
 - Level 6.0 Stealth
 * Level 1.7 Shields


You had 5 spell levels left.
You didn't know any spells.
Your spell library contained the following spells:

 Spells                   Type           Power        Failure   Level  Hunger
 Corona                   Hex            #......      83%         1    ##.....
 Ensorcelled Hibernation  Hex/Ice        #.....       92%         2    ###....
 Confuse                  Hex            #.......     99%         3    ####...
 Dazzling Spray           Conj/Hex       #.....       99%         3    ####...
 Tukima's Dance           Hex            #.......     99%         3    ####...


Dungeon Overview and Level Annotations

Branches:
Dungeon (4/15)
 Temple: D:4-7

Altars:
Cheibriados


Innate Abilities, Weirdness & Mutations

You cannot wear most types of armour.
You are very stealthy in the water. (Stealth+)
You are amphibious.
You can wear up to eight rings at the same time.
You can use your tentacles to constrict eight enemies at once.
Your skin changes colour to match your surroundings (Stealth+).
Your rubbery body absorbs attacks. (AC +1, EV +1)


Message History

A leopard gecko comes into view.
The orc moves out of view.
You block the orc's attack.
The leopard gecko hisses angrily.
The orc shouts!
You sock the orc!
Your weapon exudes an aura of protection.
You kill the orc!
You block the orc's attack. x2
You sock the orc!
You kill the orc!
You block the orc's attack. x2
You thump the leopard gecko!
You kill the leopard gecko!
The orc closely misses you.
You sock the orc!
You kill the orc!
The orc hits you with a +0 hand axe.
You hit the orc. Your grab misses the orc.
You squeeze the orc, but do no damage.
The orc is severely wounded.
The orc barely misses you.
You sock the orc!
You kill the orc!
No target in view!
No target in view!
No target in view!
No target in view!
HP restored.
Items here: )) †† a +0 hand axe; a +0 flail; an orc corpse; a leopard gecko corpse You butcher the orc corpse.
b - 7 chunks of flesh (gained 4)
You butcher the leopard gecko corpse.
b - 8 chunks of flesh (gained 1)
Items here: )) ÷÷ a +0 hand axe; a +0 flail; an orc skeleton; a leopard gecko skeleton
Items here: )) ÷÷ a +0 hand axe; a +0 flail; an orc skeleton; a leopard gecko skeleton
Things that are here:
a +0 dagger; a +0 leather armour; an orc corpse You butcher the orc corpse.
b - 10 chunks of flesh (gained 2)
Things that are here:
a +0 dagger; a +0 leather armour; an orc skeleton
Things that are here:
a +0 dagger; a +0 leather armour; an orc skeleton
Items here: )) ÷÷ a +0 hand axe; a +0 flail; an orc skeleton; a leopard gecko skeleton
Things that are here:
a cursed -1 dagger; a +0 leather armour
Found 24 stones.
Found a stone staircase leading down.
An orc wizard comes into view. It is wielding a +0 dagger.
An orc wizard is nearby!
An orc, an orc priest, an orc wizard and an ogre come into view.
Found a stone staircase leading up.
The orc shouts!
The ogre shouts!
The orc priest shouts!
The orc wizard shouts!
You block the orc wizard's attack.
The orc wizard shouts!
You hit the orc wizard.
Your weapon exudes an aura of protection.
Your grab misses the orc wizard.
The orc wizard is moderately wounded.
You are feeling hungry.
The orc wizard hits you but does no damage.
You miss the orc wizard. Your grab misses the orc wizard.
The orc wizard is moderately wounded.
The orc wizard hits you but does no damage.
The ogre hits you with a +0 giant club!
The orc wizard hits you but does no damage.
The orc priest misses you.
The orc wizard hits you but does no damage.
You barely miss the orc wizard. Your grab misses the orc wizard.
The orc wizard is moderately wounded.
The ogre hits you with a +0 giant club!!
Ouch! That really hurt!
* * * LOW HITPOINT WARNING * * *
You block the orc priest's attack. You block the orc wizard's attack.
The orc wizard completely misses you. The orc priest barely misses you.
The ogre closely misses you. The orc hits you.
* * * LOW HITPOINT WARNING * * *
The orc wizard barely misses you.
Okay, then.
Okay, then.
Okay, then.
Really quaff
o - a potion of might {@q3 !q}?
You feel very mighty all of a sudden. The orc wizard barely misses you.
You block the orc priest's attack.
The orc wizard points at you and mumbles some strange words.
You resist with some effort. The orc closely misses you.
You thump the ogre!
Your weapon exudes an aura of protection.
You squeeze the ogre!
You kill the ogre!
Your Fighting skill increases to level 5!
Your Shields skill increases to level 1!
The orc wizard closely misses you.
The orc priest invokes the aid of Beogh against you.
Pain shoots through your body!
You die...

########################
........................
........................
........................
....................<...
....##.........)oo......
....##......##.o@o..##.
....##......######+##
.................>.
..............(....
...................
...................
.)))...............
............##.....
....##......# #####


You could see an orc priest, 2 orc wizards and an orc.

Vanquished Creatures
  An ogre (D:4)
  An orc wizard (D:3)
  Natasha (twice) (D:3)
  Robin (D:3)
  4 adders
  4 gnolls (D:2)
  3 oozes
  A worm (D:3)
  3 dart slugs
  3 leopard geckos
  9 orcs
  6 bats
  2 giant cockroaches (D:3)
  19 goblins
  7 hobgoblins
  7 jackals
  9 kobolds
  A quokka (D:3)
  3 frilled lizards
  5 rats
91 creatures vanquished.

Notes
Turn   | Place    | Note
-------+----------+-------------------------------------------
     0 | D:1      | EnegeticOcto the Octopode Hunter began the quest for the
                  | Orb.
     0 | D:1      | Reached XP level 1. HP: 14/14 MP: 1/1
    32 | D:1      | Reached skill level 2 in Stealth
   164 | D:1      | Reached XP level 2. HP: 15/20 MP: 2/2
   756 | D:1      | Reached skill level 3 in Stealth
   884 | D:1      | Reached XP level 3. HP: 25/25 MP: 3/3
  1404 | D:2      | Found a snail-covered altar of Cheibriados.
  1535 | D:2      | Reached XP level 4. HP: 22/31 MP: 4/4
  1539 | D:2      | Reached skill level 4 in Stealth
  2575 | D:2      | Reached XP level 5. HP: 29/37 MP: 5/5
  2979 | D:3      | Reached skill level 5 in Stealth
  3257 | D:3      | Noticed Robin
  3260 | D:3      | Noticed Natasha
  3270 | D:3      | Killed Natasha
  3275 | D:3      | Killed Robin
  3316 | D:3      | Reached XP level 6. HP: 34/44 MP: 6/6
  3405 | D:3      | Noticed Natasha
  3413 | D:3      | Killed Natasha
  3413 | D:3      | Reached skill level 6 in Stealth
  3956 | D:4      | Reached skill level 5 in Fighting
  3956 | D:4      | Reached skill level 1 in Shields
  3956 | D:4      | Killed from afar by an orc priest

Levels and vault maps discovered:
D:1:      psy_arrival_radial01, layout_basic, hangedman_decor_lopped
D:2:      layout_loops_ring, nicolae_overflow_crystal_walls, first_ration,
          grunt_ministairs_9, hangedman_abyss_or_decor_lesser_grid
D:3:      layout_basic, minmay_crystal_room, uniq_robin, uniq_natasha
D:4:      layout_gridville

Skill      XL: |  1  2  3  4  5  6 |
---------------+-------------------+-----
Stealth        | 2 3 4 5 6 |  6.0
Fighting       | 3 4 5 |  5.0
Shields        | 1 |  1.7
Throwing       | |  4.0
Dodging        | |  2.0

Action                   |  1- 3 |  4- 6 || total
-------------------------+-------+-------++-------
Melee: Short sword       |    36 |    86 ||   122
       Tentacles         |     7 |    23 ||    30
       Constrict         |     7 |    28 ||    35
       Mace              |       |    36 ||    36
Throw: Javelin           |     6 |     9 ||    15
  Use: Scroll            |     3 |     9 ||    12
       Potion            |       |     1 ||     1
 Stab: Sleeping          |     6 |     8 ||    14
  Eat: Chunk             |       |     9 ||     9
Armor: Skin              |     2 |     8 ||    10
Dodge: Dodged            |    15 |    81 ||    96
Block: Other             |     2 |    15 ||    17
       Reflection        |       |     1 ||     1
       Shield            |       |     9 ||     9
